 Dungeon Crawl Stone Soup version 0.24.0-125-gc4c63601f3 (webtiles) character file.

Game seed: 3238092928685196496, levelgen mode: deterministic

56 LraC the Grave Robber (level 3, 0/24 HPs)
             Began as a Demonspawn Necromancer on Mar 3, 2020.
             Was an Initiate of Yredelemnul.
             Slain by a hound (4 damage)
             ... on level 4 of the Dungeon.
             The game lasted 00:44:22 (1563 turns).

LraC the Grave Robber (Demonspawn Necromancer)      Turns: 1563, Time: 00:44:22

Health: 0/24       AC:  6    Str:  8      XL:     3   Next: 69%
Magic:  6/7        EV: 11    Int: 15 (17) God:    Yredelemnul [......]
Gold:   53         SH:  0    Dex: 11 (13) Spells: 2/7 levels left

rFire    . . .     SeeInvis .   C - -3 spear (curse)
rCold    . . .     Gourm    .   (no shield)
rNeg     . . .     Faith    .   r - +3 leather armour {MR+}
rPois    .         Spirit   .   (no helmet)
rElec    .         Reflect  .   p - scarf {cloud immunity}
rCorr    .         Harm     .   (no gloves)
MR       +....                  (no boots)
Stlth    ++........             (no amulet)
HPRegen  0.08/turn              (no ring)
MPRegen  0.10/turn              (no ring)

@: no status effects
A: talons 1, powered by death 1
a: Renounce Religion


You were on level 4 of the Dungeon.
You worshipped Yredelemnul.
Yredelemnul was noncommittal.
You were not hungry.

You visited 1 branch of the dungeon, and saw 3 of its levels.

You collected 53 gold pieces.

Inventory:

Hand Weapons
 b - a +0 club
 d - a +0 dagger
 e - a +0 spear
 g - a +0 short sword
 h - a +0 mace
 i - a +0 dagger
 j - a +0 club
 l - a +0 whip
 m - a +0 dagger
 n - a +0 mace
 o - a +0 club
 q - a +0 whip
 s - a +0 dagger
 u - a +0 club
 x - a cursed -3 dagger
 y - a +0 dagger
 A - a +0 dagger
 B - a +0 dagger
 C - a cursed -3 spear (weapon)
Missiles
 k - 68 stones (quivered)
 D - 19 sling bullets
Armour
 a - a +0 robe
 f - a +0 leather armour
 p - a scarf of cloud immunity (worn)
 r - a +3 leather armour of magic resistance (worn)
 t - a cursed -1 leather armour
 v - a +0 robe
 w - a +0 buckler
Jewellery
 E - an uncursed ring of fire
Comestibles
 c - 2 rations


   Skills:
 + Level 2.1 Dodging
 + Level 1.9 Stealth
 + Level 0.5 Unarmed Combat
 + Level 2.8 Spellcasting
 + Level 5.0 Necromancy


You had 2 spell levels left.
You knew the following spells:

 Your Spells              Type           Power        Failure   Level  Hunger
a - Pain                  Necr           ###.         3%          1    #......
b - Animate Skeleton      Necr           N/A          3%          1    #......
c - Regeneration          Chrm/Necr      #.........   32%         3    ###....

Your spell library contained the following spells:

 Spells                   Type           Power        Failure   Level  Hunger
 Vampiric Draining        Necr           ###.......   12%         3    ###....
 Animate Dead             Necr           N/A          36%         4    #####..


Dungeon Overview and Level Annotations

Branches:
Dungeon (2/15)

Altars:
Makhleb
Wu Jian
Yredelemnul


Innate Abilities, Weirdness & Mutations

You have sharp toenails.
You regenerate a little health from kills.


Message History

The hound closely misses you.
The worker ant bites you but does no damage.
The giant cockroach closely misses you. The giant cockroach closely misses you.
The hound barely misses you. The giant cockroach barely misses you.
The worker ant bites you but does no damage.
The giant cockroach barely misses you. The hound completely misses you.
The hound bites you.
* * * LOW HITPOINT WARNING * * *
The worker ant barely misses you.
The giant cockroach bites you but does no damage.
The hound barely misses you. The hound barely misses you.
Found a burning altar of Makhleb.
The hound closely misses you. The giant cockroach closely misses you.
The hound closely misses you. The hound bites you.
You die...
Your body rises from the dead as a mindless zombie.

..$###...######
..............##
...............##
................#
................#
................#
##............as##
#.............h.##
##...........#.@.#
##........###...#
######.### ##+..#
#.# ..# #. ._#
..## #.. ###


You could see a hound, a worker ant and a giant cockroach.

Vanquished Creatures
  An adder (D:2)
  A leopard gecko (D:1)
  2 giant cockroaches
  4 goblins
  9 hobgoblins
  4 jackals (D:1)
  A quokka (D:2)
  2 bats
  4 frilled lizards
  7 kobolds
  4 rats
39 creatures vanquished.

Vanquished Creatures (collateral kills)
  A kobold (D:1)
  A ball python (D:1)
  2 frilled lizards (D:1)
  A rat (D:1)
  A spectral orc (D:2)
6 creatures vanquished.

Grand Total: 45 creatures vanquished

Notes
Turn   | Place    | Note
-------+----------+-------------------------------------------
     0 | D:1      | LraC the Demonspawn Necromancer began the quest for the
                  | Orb.
     0 | D:1      | Reached XP level 1. HP: 13/13 MP: 3/3
     2 | D:1      | Learned a level 1 spell: Animate Skeleton
   146 | D:1      | Gained mutation: You regenerate a little health from kills.
                  | [demonic ancestry]
   146 | D:1      | Reached XP level 2. HP: 12/19 MP: 5/5
   880 | D:2      | Found an ornate altar of the Wu Jian Council.
   937 | D:2      | Gained mutation: You have sharp toenails. [demonic
                  | ancestry]
   937 | D:2      | Reached XP level 3. HP: 18/24 MP: 2/6
  1283 | D:2      | Reached skill level 5 in Necromancy
  1320 | D:2      | Learned a level 3 spell: Regeneration
  1365 | D:2      | Found a basalt altar of Yredelemnul.
  1386 | D:2      | Became a worshipper of Yredelemnul the Dark
  1534 | D:2      | You fall into a shaft and drop 2 floors!
  1558 | D:4      | Found a burning altar of Makhleb.
  1563 | D:4      | Slain by a hound

Levels and vault maps discovered:
D:1:      dpeg_arrival_chambers_temple_mockup, layout_basic
D:2:      layout_loops_ring, nicolae_overflow_crystal_walls,
          yredelemnul_forgotten_temple_becter, first_ration
D:4:      layout_rooms, grunt_temple_overflow_order_and_chaos_2,
          lemuel_round_altar, nicolae_gozag_cash_rules_everything_around_me

Skill      XL: |  1  2  3 |
---------------+----------+-----
Dodging        | 2 |  2.1
Necromancy     | 5 |  5.0
Stealth        | |  1.9
Unarmed Combat | |  0.5
Spellcasting   | |  2.8

Action                   || total
-------------------------++-------
Melee: Unarmed           ||    14
       Spear             ||    41
       Kick              ||     3
 Cast: Pain              ||    60
       Animate Skeleton  ||    19
  Use: Scroll            ||     9
       Potion            ||     3
 Stab: Distracted        ||     1
  Eat: Chunk             ||     2
       Ration            ||     1
Armor: Robe              ||     5
       Leather armour    ||    43
Dodge: Dodged            ||    92
